 Dungeon Crawl Stone Soup version 0.31.0-32-g396128a36d (webtiles) character file.

Game seed: 10630498248991907422

157 601d51SH the Shield-Bearer (level 5, -9/47 HPs)
             Began as a Gnoll Fighter on Apr 2, 2024.
             Mangled by a wyvern (10 damage)
             ... on level 5 of the Dungeon.
             The game lasted 00:04:18 (2620 turns).

601d51SH the Shield-Bearer (Gnoll Fighter)          Turns: 2620, Time: 00:04:19

Health: -9/47      AC:  7    Str: 18    XL:     5   Next: 38%
Magic:  7/7        EV:  9    Int:  7    God:
Gold:   190        SH:  5    Dex: 11    Spells: 7/7 levels left

rFire   . . .        a - +0 trident
rCold   . . .        c - +0 buckler
rNeg    . . .        b - +0 scale mail
rPois   .            (no helmet)
rElec   .            (no cloak)
rCorr   .            (no gloves)
SInv    .            (no boots)
Will    .....        (no amulet) Stlth
                     (no ring)
HPRegen 0.27/turn    (no ring)
MPRegen 0.10/turn

%: no passive effects
@: no status effects
A: fangs 1, strong nose, distributed training
a: no special abilities


You were on level 5 of the Dungeon.
You visited 1 branch of the dungeon, and saw 5 of its levels.

You collected 190 gold pieces.

Inventory:

Hand Weapons
 a - a +0 trident (weapon)
Armour
 b - a +0 scale mail (worn)
 c - a +0 buckler (worn)
Jewellery
 k - a ring of ice
Scrolls
 e - 4 scrolls of identify {unknown}
 g - a scroll of amnesia {unknown}
 h - a scroll of noise {unknown}
 i - a scroll of fear {unknown}
 j - a scroll of vulnerability {unknown}
 n - a scroll of brand weapon {unknown}
Potions
 d - a potion of might
 f - 3 potions of curing {unknown}
 l - a potion of mutation {unknown}
 m - a potion of ambrosia {unknown}
 o - a potion of attraction {unknown}


   Skills:
 + Level 6.7 Fighting
 + Level 1.5 Short Blades
 + Level 1.5 Long Blades
 + Level 1.5 Axes
 + Level 1.5 Maces & Flails
 + Level 4.8 Polearms
 + Level 1.5 Staves
 + Level 1.5 Ranged Weapons
 + Level 1.5 Throwing
 + Level 6.7 Armour
 + Level 1.5 Dodging
 + Level 1.5 Stealth
 + Level 6.7 Shields
 + Level 1.5 Unarmed Combat
 + Level 1.5 Spellcasting
 + Level 1.2 Conjurations
 + Level 1.2 Hexes
 + Level 1.2 Summonings
 + Level 1.2 Necromancy
 + Level 1.2 Translocations
 + Level 1.2 Fire Magic
 + Level 1.2 Ice Magic
 + Level 1.2 Air Magic
 + Level 1.2 Earth Magic
 + Level 1.2 Alchemy
 + Level 1.7 Invocations
 + Level 1.5 Evocations
 + Level 1.4 Shapeshifting


You had 7 spell levels left.
You didn't know any spells.
Your spell library contained the following spells:

 Spells                   Type           Power      Damage    Failure   Level
 Ensorcelled Hibernation  Hex/Ice        4%         N/A       77%         2
 Dazzling Flash           Conj/Hex       4%         N/A       94%         3
 Passwall                 Erth           2%         N/A       94%         3
 Swiftness                Air            2%         N/A       94%         3
 Volatile Blastmotes      Fire/Tloc      4%         2d10      94%         3
 Starburst                Conj/Fire      1%         6d3       100%        6
 Maxwell's Capacitive Co  Air            1%         ∞         100%        8


Dungeon Overview and Level Annotations

Branches:
Dungeon (5/15)
 Temple: D:4-7

Altars:
Sif Muna


Innate Abilities, Weirdness & Mutations

You have very sharp teeth.
Your uncanny sense of smell can sniff out nearby items.
Your experience applies equally to all skills.


Message History

Found a stone staircase leading down.
You see here a +0 dagger.
Done exploring.
There is a stone staircase leading down here.
You climb downwards.
Found a dagger.
Found two stone staircases leading down.
There is a stone staircase leading up here.
A wyvern comes into view.
The wyvern hisses angrily.
The quokka bites you.
A goblin comes into view. It is wielding a +0 dagger.
The goblin shouts!
You hear a shout!
The quokka barely misses you. The giant cockroach barely misses you.
Found a spear.
You block the quokka's attack. The wyvern bites you!
There is a stone staircase leading down here.
The quokka bites you but does no damage.
The giant cockroach closely misses you.
The wyvern bites you but does no damage.
The quokka barely misses you.
You climb downwards.
There is a stone staircase leading up here.
You closely miss the wyvern. The giant cockroach bites you.
The wyvern barely misses you. You block the quokka's attack.
You block the giant cockroach's attack. The wyvern bites you.
You hit the wyvern but do no damage. Your bite misses the wyvern.
The wyvern bites you! The quokka bites you.
The giant cockroach barely misses you.
You hit the wyvern.
The wyvern is lightly wounded.
The wyvern bites you!
* * * LOW HITPOINT WARNING * * *
You block the quokka's attack. The giant cockroach barely misses you.
You block the wyvern's attack. The quokka closely misses you.
You closely miss the wyvern.
The wyvern is lightly wounded.
The giant cockroach bites you.
* * * LOW HITPOINT WARNING * * *
The wyvern bites you!
You die...

#### #k@#
......Br#
........#
........#
........#
#####..##
#.. #..


You could see a wyvern, a quokka and a giant cockroach.

Vanquished Creatures
  Jessica (D:3)
  2 orc wizards (D:3)
  An adder (D:3)
  6 ribbon worms
  2 dart slugs (D:1)
  3 orcs (D:3)
  8 ball pythons
  3 endoplasms (D:1)
  2 giant cockroaches
  5 goblins
  4 hobgoblins
  4 kobolds
  2 quokkas
  4 bats
  3 frilled lizards
  4 rats
54 creatures vanquished.

Notes
Turn   | Place    | Note
-------+----------+-------------------------------------------
     0 | D:1      | 601d51SH the Gnoll Fighter began the quest for the Orb.
     0 | D:1      | Reached XP level 1. HP: 23/23 MP: 1/1
    97 | D:1      | Reached XP level 2. HP: 29/29 MP: 2/2
   312 | D:1      | Reached XP level 3. HP: 35/35 MP: 3/3
   399 | D:1      | Found a faded altar of an unknown god.
   879 | D:2      | Reached skill level 1 in Invocations
  1034 | D:2      | You fall into a shaft and drop 1 floor!
  1094 | D:3      | Reached skill level 1 in Short Blades
  1094 | D:3      | Reached skill level 1 in Long Blades
  1094 | D:3      | Reached skill level 1 in Axes
  1094 | D:3      | Reached skill level 1 in Maces & Flails
  1094 | D:3      | Reached skill level 1 in Staves
  1094 | D:3      | Reached skill level 1 in Ranged Weapons
  1094 | D:3      | Reached skill level 1 in Throwing
  1094 | D:3      | Reached skill level 1 in Dodging
  1094 | D:3      | Reached skill level 1 in Stealth
  1094 | D:3      | Reached skill level 1 in Unarmed Combat
  1094 | D:3      | Reached skill level 1 in Spellcasting
  1094 | D:3      | Reached skill level 1 in Evocations
  1572 | D:2      | Reached skill level 1 in Shapeshifting
  1572 | D:2      | Reached XP level 4. HP: 33/41 MP: 5/5
  2137 | D:3      | Reached skill level 1 in Conjurations
  2137 | D:3      | Reached skill level 1 in Hexes
  2137 | D:3      | Reached skill level 1 in Summonings
  2137 | D:3      | Reached skill level 1 in Necromancy
  2137 | D:3      | Reached skill level 1 in Translocations
  2137 | D:3      | Reached skill level 1 in Fire Magic
  2137 | D:3      | Reached skill level 1 in Ice Magic
  2137 | D:3      | Reached skill level 1 in Air Magic
  2137 | D:3      | Reached skill level 1 in Earth Magic
  2137 | D:3      | Reached skill level 1 in Alchemy
  2153 | D:3      | Reached XP level 5. HP: 41/47 MP: 5/7
  2336 | D:3      | Noticed Jessica
  2368 | D:3      | Found a shimmering blue altar of Sif Muna.
  2375 | D:3      | Killed Jessica
  2610 | D:4      | Noticed an ogre
  2612 | D:4      | Noticed a wyvern
  2616 | D:5      | Entered Level 5 of the Dungeon
  2620 | D:5      | HP: 1/47 [giant cockroach (2)]
  2620 | D:5      | Mangled by a wyvern

Illustrated notes

Levels and vault maps discovered:
D:1:      amcnicky_arrival_underground_garden, layout_basic,
          ebering_ecumenical_altar_abandoned
D:2:      layout_basic, minivault_26
D:3:      layout_loops_ring, tgw_sif
D:4:      layout_rooms, nemelex_dance_club_becter,
          lemuel_zombie_altar_kikubaaqudgha, chequers_avenue,
          minmay_manual_monstrance
D:5:      layout_gridville, uniq_duvessa, uniq_prince_ribbit1

Skill      XL: |  1  2  3  4 |
---------------+-------------+-----
Invocations    | 1 |  1.7
Short Blades   | 1 |  1.5
Long Blades    | 1 |  1.5
Axes           | 1 |  1.5
Maces & Flails | 1 |  1.5
Staves         | 1 |  1.5
Ranged Weapons | 1 |  1.5
Throwing       | 1 |  1.5
Dodging        | 1 |  1.5
Stealth        | 1 |  1.5
Unarmed Combat | 1 |  1.5
Spellcasting   | 1 |  1.5
Evocations     | 1 |  1.5
Shapeshifting  | 1 |  1.4
Conjurations   | 1 |  1.2
Hexes          | 1 |  1.2
Summonings     | 1 |  1.2
Necromancy     | 1 |  1.2
Translocations | 1 |  1.2
Fire Magic     | 1 |  1.2
Ice Magic      | 1 |  1.2
Air Magic      | 1 |  1.2
Earth Magic    | 1 |  1.2
Alchemy        | 1 |  1.2
Fighting       | |  6.7
Polearms       | |  4.8
Armour         | |  6.7
Shields        | |  6.7

Action                     |  1- 3 |  4- 6 || total
---------------------------+-------+-------++-------
  Melee: Trident           |   134 |    64 ||   198
         Bite              |    10 |     5 ||    15
 Armour: Scale mail        |    57 |    45 ||   102
  Dodge: Dodged            |    24 |    22 ||    46
  Block: Buckler           |    21 |    12 ||    33
